 Dungeon Crawl Stone Soup version 0.32-a0-975-g85d4e5bfdb (webtiles) character file.

Game seed: 8145210908248301781

3747 Cancer the Mimic (level 10, 0/63 HPs)
             Began as an Octopode Shapeshifter on Apr 19, 2024.
             Was a Follower of Makhleb.
             Slain by a steam dragon (2 damage)
             ... on level 8 of the Dungeon.
             The game lasted 00:20:05 (8471 turns).

Cancer the Mimic (Octopode Shapeshifter)            Turns: 8471, Time: 00:20:06

Health: 0/63       AC:  1    Str: 17    XL:     10   Next: 15%
Magic:  10/10      EV: 18    Int: 20    God:    Makhleb [*.....]
Gold:   469        SH:  0    Dex: 17    Spells: 9/9 levels left

rFire   . .          .
                       - Unarmed
rCold   . . .        (shield currently unavailable)
rNeg    . . .        (helmet restricted)
rPois   +            (no amulet)
rElec   .            d - +6 ring of dexterity
rCorr   .            e - ring of poison resistance
SInv    .            u - +6 ring of intelligence
Will    .....        (no ring)
Stlth   ++           (no ring)
HPRegen 0.30/turn    (no ring)
MPRegen 0.12/turn    (no ring)
                     (no ring)

%: no passive effects
@: flux-form, glowing
A: glow, contaminating, almost no armour, amphibious, 8 rings, camouflage 1,
gelatinous body 1, (nimble swimmer 1), tentacles
a: Begin Untransformation, Renounce Religion


You were on level 8 of the Dungeon.
You worshipped Makhleb.
Makhleb was aware of your devotion.
You were something dangerously unstable.
You visited 2 branches of the dungeon, and saw 9 of its levels.

You collected 469 gold pieces.

Inventory:

Hand Weapons
 t - the +11 spear of Abomination {heavy, rC- rCorr Str+2 Int+7}
   (You took it off an orc on level 6 of the Dungeon)

   Str+2:     It affects your strength (+2).
   Int+7:     It affects your intelligence (+7).
   rC-:       It makes you vulnerable to cold.
   rCorr:     It protects you from acid and corrosion.
Armour
 j - an orb of guile
Jewellery
 d - a +6 ring of dexterity (left tentacle)
 e - a ring of poison resistance (right tentacle)
 u - a +6 ring of intelligence (on tentacle)
Talismans
 c - a flux talisman (active)
 x - a beast talisman
 y - a maw talisman
Wands
 b - a wand of quicksilver (9)
 l - a wand of roots (20)
 r - a wand of charming (10)
 v - a wand of mindburst (13)
Scrolls
 g - 4 scrolls of revelation {unknown}
 i - a scroll of teleportation {unknown}
 k - 11 scrolls of identify {unknown}
 n - a scroll of amnesia {unknown}
 o - 2 scrolls of vulnerability {unknown}
 p - 3 scrolls of fog {unknown}
 s - a scroll of fear {unknown}
 w - 4 scrolls of enchant armour {unknown}
Potions
 a - 4 potions of lignification
 f - a potion of invisibility {unknown}
 h - 2 potions of heal wounds {unknown}
 m - 3 potions of brilliance {unknown}
 q - a potion of resistance {unknown}
 z - a potion of degeneration {unknown}


   Skills:
 - Level 4.0 Fighting
 - Level 4.0 Dodging
 - Level 8.0 Stealth
 + Level 7.7 Unarmed Combat
 - Level 1.0 Evocations
 + Level 9.4 Shapeshifting


You had 9 spell levels left.
You didn't know any spells.
Your spell library contained the following spells:

 Spells                   Type           Power      Damage    Failure   Level
 Cigotuvi's Dreadful Rot  Necr/Alch/Air  0%         N/A       28%         2
 Ensorcelled Hibernation  Hex/Ice        0%         N/A       28%         2
 Fugue of the Fallen      Necr           0%         N/A       50%         3
 Ozocubu's Armour         Ice            0%         N/A       50%         3
 Volatile Blastmotes      Fire/Tloc      0%         2d10      50%         3
 Anguish                  Hex/Necr       0%         N/A       88%         4
 Animate Dead             Necr           0%         N/A       88%         4
 Ignite Poison            Fire/Alch      0%         N/A       88%         4
 Vhi's Electric Charge    Tloc/Air       0%         N/A       88%         4
 Freezing Cloud           Conj/Ice/Air   0%         6-21      99%         5
 Gell's Gavotte           Tloc           0%         2d(11-16) 100%        6
 Haunt                    Necr/Summ      0%         N/A       100%        7
 Manifold Assault         Tloc           0%         N/A       100%        7
 Infestation              Necr           0%         N/A       100%        8


Dungeon Overview and Level Annotations

Branches:
Dungeon (8/15)             Temple (1/1) D:7
   Lair: D:8-11

Altars:
Ashenzari
Cheibriados
Dithmenos
Fedhas
Gozag
Hepliaklqana
Kikubaaqudgha
Makhleb
Nemelex Xobeh
Okawaru
Qazlal
Ru
Sif Muna
Trog
Uskayaw
Vehumet
Wu Jian
Xom
Yredelemnul
Zin
The Shining One


Innate Abilities, Weirdness & Mutations

You are something dangerously unstable.
You glow with magical radiation, making you easy to see and hit.
Foes you strike become dangerously contaminated with magical radiation.
You are incapable of wielding weapons or throwing items.
You cannot wear most types of armour.
You are amphibious.
You can wear up to eight rings at the same time.
Your skin changes colour to match your surroundings (Stealth+).
Your rubbery body absorbs attacks. (AC +1, EV +1)
((You are camouflaged when in or above water. (Stealth+)))
You have tentacles for arms and can constrict up to eight enemies at once.


Message History

You grab the sleepcap. You squeeze the sleepcap.
The sleepcap is moderately damaged.
You constrict the sleepcap! The sleepcap barely misses you.
You tentacle-slap the sleepcap.
The sleepcap shudders as magic cascades through it!
You destroy the sleepcap!
Makhleb accepts your kill. The steam dragon breathes steam at you.
The ball of steam hits you!!
You hear a shout! x2
You hear a shout!
You barely miss the steam dragon. You squeeze the steam dragon!
The steam dragon is moderately wounded.
The steam dragon breathes steam at you. The ball of steam hits you!
* * * LOW HITPOINT WARNING * * *
You hear a shout! x2
You tentacle-slap the steam dragon.
The steam dragon begins to glow.
Your squeeze misses the steam dragon.
The steam dragon is heavily wounded.
You are engulfed in a cloud of scalding steam.
* * * LOW HITPOINT WARNING * * *
You tentacle-slap the steam dragon.
The steam dragon glows dangerously bright.
You squeeze the steam dragon.
The steam dragon is severely wounded.
You are engulfed in a cloud of scalding steam.
* * * LOW HITPOINT WARNING * * *
The steam dragon bites you.
* * * LOW HITPOINT WARNING * * *
The steam dragon claws you.
* * * LOW HITPOINT WARNING * * *
You barely miss the steam dragon. Your squeeze misses the steam dragon.
The steam dragon is severely wounded.
You are engulfed in a cloud of scalding steam.
* * * LOW HITPOINT WARNING * * *
The steam dragon bites you.
* * * LOW HITPOINT WARNING * * *
The steam dragon claws you.
You die...

#.#...<..<..#
#.###..###### #
#.##..## #. ♣♣
#....## ♣. . ♣.
#.#.## ###### .
#♣.♣.♣#.#.# #..... .
..#......########.###
#.#..§§.............
#Dp§.§#########..##
♣.♣#.§##########.##
♣.§#...............
♣♣§#.###########.##
.#.# #.# ♣#.# ###.#
#.# ##...## #.#
##.....#
#.#######.......


You could see a steam dragon (heavy contam, catching breath).

Vanquished Creatures
  Maurice (D:7)
  A wyvern (D:8)
  Edmund (D:6)
  2 water moccasins
  2 ice beasts (D:7)
  An orc warrior (D:7)
  5 black bears
  3 ogres
  2 phantoms
  3 kobold brigands
  5 bullfrogs
  2 scorpions (D:6)
  8 wights
  A killer bee (D:8)
  A hound (D:5)
  2 jellies
  3 bombardier beetles
  An orc priest (D:7)
  2 sleepcaps
  An iguana (D:6)
  8 orc wizards
  7 adders
  A white imp (D:3)
  4 ufetubi
  A ribbon worm (D:2)
  A dart slug (D:2)
  25 orcs
  5 ball pythons
  2 bats
  8 endoplasms
  2 giant cockroaches (D:3)
  8 goblins
  6 hobgoblins
  3 jackals (D:5)
  19 kobolds
  A quokka (D:2)
  3 frilled lizards
  4 rats
  A butterfly (D:7)
156 creatures vanquished.

Notes
Turn   | Place    | Note
-------+----------+-------------------------------------------
     0 | D:1      | Cancer the Octopode Shapeshifter began the quest for the
                  | Orb.
     0 | D:1      | Reached XP level 1. HP: 13/13 MP: 1/1
   136 | D:1      | Reached skill level 1 in Stealth
   349 | D:1      | Reached XP level 2. HP: 18/18 MP: 2/2
   675 | D:2      | Reached XP level 3. HP: 13/23 MP: 3/3
   926 | D:2      | Reached skill level 4 in Shapeshifting
   962 | D:2      | Reached XP level 4. HP: 28/28 MP: 4/4
  1525 | D:3      | Reached XP level 5. HP: 26/33 MP: 5/5
  1569 | D:3      | Reached skill level 5 in Shapeshifting
  1647 | D:3      | Noticed an ogre
  3346 | D:4      | Reached XP level 6. HP: 35/38 MP: 6/6
  3781 | D:4      | Reached skill level 6 in Shapeshifting
  4042 | D:5      | Entered Level 5 of the Dungeon
  4188 | D:5      | Noticed a black bear
  4464 | D:5      | Found a sparkling altar of Nemelex Xobeh.
  4684 | D:5      | Reached XP level 7. HP: 25/43 MP: 7/7
  4874 | D:6      | Reached skill level 7 in Shapeshifting
  4953 | D:6      | Identified the +11 spear of Abomination {heavy, rC- rCorr
                  | Str+2 Int+7}
  4963 | D:6      | Reached skill level 1 in Evocations
  5182 | D:6      | Found a snail-covered altar of Cheibriados.
  5182 | D:6      | Found a hazy altar of Hepliaklqana.
  5228 | D:6      | Reached XP level 8. HP: 51/51 MP: 8/8
  5297 | D:6      | Noticed Edmund
  5625 | D:3      | Reached skill level 5 in Stealth
  6026 | D:6      | Found a blossoming altar of Fedhas.
  6026 | D:6      | Found a radiant altar of Vehumet.
  6062 | D:6      | Killed Edmund
  6186 | D:7      | Found a staircase to the Ecumenical Temple.
  6190 | Temple   | Found a transporter.
  6190 | Temple   | Found a transporter.
  6190 | Temple   | Found a transporter.
  6190 | Temple   | Found a transporter.
  6190 | Temple   | Entered the Ecumenical Temple
  6220 | Temple   | Became a worshipper of Makhleb the Destroyer
  6287 | D:7      | Noticed Maurice
  6289 | D:7      | Maurice stole the +11 spear of Abomination {heavy, rC-
                  | rCorr Str+2 Int+7}
  6290 | D:7      | Maurice stole a beast talisman
  6291 | D:7      | Killed Maurice
  6292 | D:7      | Reached skill level 5 in Unarmed Combat
  6292 | D:7      | Reached XP level 9. HP: 35/58 MP: 5/9
  6467 | D:8      | Reached skill level 8 in Shapeshifting
  6467 | D:8      | HP: 2/56 [orc/+0 trident (9)]
  7476 | D:7      | Reached * piety under Makhleb
  7898 | D:7      | Reached skill level 9 in Shapeshifting
  7898 | D:7      | Reached XP level 10. HP: 45/63 MP: 10/10
  8426 | D:8      | Found a glowing golden altar of the Shining One.
  8471 | D:8      | HP: 2/63 [steam dragon (3)]
  8471 | D:8      | Slain by a steam dragon

Illustrated notes

Levels and vault maps discovered:
D:1:      dpeg_arrival_snail, layout_basic
D:2:      layout_loops_ring, nicolae_figureground_sparkle
D:3:      minmay_general_purpose_star, layout_loops_corners,
          serial_co_window_serial, co_window_corner_a, co_window_cross_1,
          co_window_paths_a, co_window_of_opportunity_a, co_window_paths_a,
          co_window_unsneaky_path_e, co_window_2corner, co_window_corner_ca,
          glass_columns_b, kennysheep_generic_room_16
D:4:      minmay_door_path, layout_basic
D:5:      layout_basic, mainiacjoe_overflow_24_doors
D:6:      layout_loops_ring, gammafunk_temple_overflow_statue,
          gammafunk_temple_overflow_elements, hangedman_decor_slide_cut,
          minmay_holes, uniq_edmund
D:7:      layout_rooms, minmay_temple_entry_butterflies, uniq_maurice
D:8:      nzn_winding_woodlands_medium [nzn_winding_woodlands_5x5_three,
          nzn_winding_woodlands_5x15_cabin,
          nzn_winding_woodlands_5x5_checkerboard,
          nzn_winding_woodlands_5x5_perimeter,
          nzn_winding_woodlands_center_garden,
          nzn_winding_woodlands_5x5_default, nzn_winding_woodlands_5x5_default,
          nzn_winding_woodlands_5x15_twine, nzn_winding_woodlands_hourglass],
          layout_rooms, mainiacjoe_overflow_alcove_1
Temple:   hellmonk_temple_divided_pantheon

Skill      XL: |  1  2  3  4  5  6  7  8  9 |
---------------+----------------------------+-----
Stealth        | 1 2 3 4 6 8 |  8.0
Shapeshifting  | 4 5 6 7 9 |  9.4
Evocations     | 1 |  1.0
Fighting       | 2 4 |  4.0
Dodging        | 4 |  4.0
Unarmed Combat | 5 7 |  7.7

Action                     |  1- 3 |  4- 6 |  7- 9 | 10-12 || total
---------------------------+-------+-------+-------+-------++-------
  Melee: Unarmed           |    43 |   114 |   172 |    42 ||   371
         Constrict         |    11 |    34 |    46 |    15 ||   106
         Tentacles         |     6 |    24 |    51 |    13 ||    94
         Punch             |     2 |     2 |       |       ||     4
   Stab: Sleeping          |    10 |    10 |     3 |     1 ||    24
         Distracted        |       |       |     1 |       ||     1
 Armour: Skin              |    17 |    50 |    77 |    25 ||   169
  Dodge: Dodged            |    18 |    61 |   110 |    38 ||   227
   Form: Flux              |       |       |     1 |       ||     1

Table legend: (Time is in decaauts)
 A = Elapsed time spent in this place.
 B = Non-inter-level travel time spent in this place.
 C = Inter-level travel time spent in this place.
 D = Time resting spent in this place.
 E = Time spent auto-exploring this place.
 F = Levels seen in this place.
 G = Mean time per level.
                   A        B        C        D        E       F      G
               +--------+--------+--------+--------+--------+-----+--------+
         Total |   8446 |   7321 |   1125 |    827 |   4498 |   9 |  938.4 |
       Dungeon |   8400 |   7314 |   1086 |    827 |   4498 |   8 | 1050.0 |
        Temple |     46 |      7 |     39 |      0 |      0 |   1 |   46.0 |
               +--------+--------+--------+--------+--------+-----+--------+

Top non-repeatable levels by time:
     D:3: 1942 daAuts
     D:8: 1154 daAuts
     D:6: 1038 daAuts
     D:7: 996 daAuts
     D:5: 962 daAuts
     D:4: 869 daAuts
     D:2: 794 daAuts
     D:1: 642 daAuts
  Temple: 46 daAuts
